 Dungeon Crawl Stone Soup version 0.28-a0-1510-gd0f6b136d3 (webtiles) character file.

Game seed: 12124907593990905098

2366 tatocazan the Basher (level 9, -12/57 HPs)
             Began as a Gargoyle Fighter on Jan 16, 2022.
             Was a Follower of Okawaru.
             Killed by divine providence
             ... invoked by an orc priest
              (13 damage)
             ... on level 6 of the Dungeon.
             The game lasted 00:07:53 (6997 turns).

tatocazan the Basher (Gargoyle Fighter)             Turns: 6997, Time: 00:07:54

Health: -12/57     AC: 18    Str: 31    XL:     9   Next: 44%
Magic:  0/11       EV:  8    Int:  8    God:    Okawaru [*.....]
Gold:   447        SH:  5    Dex: 15    Spells: 8/8 levels left

rFire   . . .      SeeInvis .   o - +3 whip (elec)
rCold   . . .      Faith    .   c - +0 buckler
rNeg    + . .      Spirit   +   y - +0 chain mail
rPois   ∞          Reflect  .   (no helmet)
rElec   +          Harm     .   (no cloak)
rCorr   .          Rampage  .   v - +0 pair of gloves
Will    .....                   (no boots)
Stlth   ..........              E - amulet of guardian spirit
HPRegen 0.19/turn               e - +6 ring of strength
MPRegen 0.12/turn               r - +6 ring of dexterity

@: flying, studying Ice Magic
A: sickness immunity, AC +6, negative energy resistance 1, electricity
resistance, torment resistance 1, petrification resistance
a: Renounce Religion, Heroism


You were on level 6 of the Dungeon.
You worshipped Okawaru.
Okawaru was aware of your devotion.
You visited 2 branches of the dungeon, and saw 8 of its levels.
You also visited: Ossuary.

You collected 447 gold pieces.

Inventory:

Hand Weapons
 a - a +0 flail
 o - a +3 whip of electrocution (weapon)
 p - a +2 vampiric whip
 P - a +0 morningstar
Missiles
 g - 3 javelins (quivered)
 l - 23 bolts
Armour
 b - a +0 scale mail
 c - a +0 buckler (worn)
 v - a +0 pair of gloves (worn)
 y - a +0 chain mail (worn)
Jewellery
 e - a +6 ring of strength (left hand)
 k - a ring of magical power
 r - a +6 ring of dexterity (right hand)
 E - an amulet of guardian spirit (around neck)
Wands
 K - a wand of digging (7)
Scrolls
 h - 4 scrolls of teleportation {unknown}
 i - a scroll of fog {unknown}
 m - 2 scrolls of immolation {unknown}
 s - 4 scrolls of noise {unknown}
 t - a scroll of silence {unknown}
 w - a scroll of acquirement {unknown}
 z - 2 scrolls of fear {unknown}
 C - 3 scrolls of amnesia {unknown}
 D - 7 scrolls of identify {unknown}
 G - a scroll of brand weapon {unknown}
 I - a scroll of summoning {unknown}
 J - a scroll of vulnerability {unknown}
 L - a scroll of enchant weapon {unknown}
 M - a scroll of magic mapping {unknown}
Potions
 d - 3 potions of might
 f - 2 potions of heal wounds {unknown}
 j - 3 potions of flight
 n - 3 potions of degeneration {unknown}
 q - 4 potions of lignification {unknown}
 u - a potion of resistance {unknown}
 x - 2 potions of brilliance {unknown}
 A - 2 potions of attraction {unknown}
 B - a potion of invisibility {unknown}
 F - a potion of haste {unknown}
 H - 3 potions of curing {unknown}
 N - a potion of berserk rage {unknown}
 O - a potion of mutation {unknown}


   Skills:
 + Level 7.4 Fighting
 * Level 8.5 Maces & Flails
 + Level 7.3 Armour
 - Level 4.0 Shields
 + Level 2.7 Invocations


You had 8 spell levels left.
You didn't know any spells.
Your spell library was empty.

Dungeon Overview and Level Annotations

Branches:
Dungeon (7/15)             Temple (1/1) D:5         Ossuary (visited)

Altars:
Gozag
Kikubaaqudgha
Makhleb
Okawaru
Qazlal
Ru
Sif Muna
Vehumet
Xom
Zin
The Shining One

Shops:
D:4 [   D:6 :


Innate Abilities, Weirdness & Mutations

You are immune to sickness and miasma.
Your stone body is resilient. (AC +6)
You are immune to poison.
You resist negative energy. (rN+)
You are resistant to electric shocks. (rElec)
You are resistant to unholy torment.
You are immune to petrification.


Message History

The orc priest is moderately wounded.
The orc priest hits you but does no damage.
The gnoll throws a throwing net.
The throwing net hits you.
You become entangled in the net!
You tear a large gash into the net.
The orc priest calls upon Beogh to heal the orc priest.
The orc priest's wounds heal themselves!
The orc priest hits you but does no damage.
You struggle against the net.
The orc priest hits you but does no damage.
The orc priest mumbles some strange prayers to Beogh against you.
Beogh smites you!
You take 13 damage, and have 23/57 hp.
MASSIVE DAMAGE!!
You now have 5/11 mp.
You shred the net and break free! The orc priest barely misses you.
The orc priest looks satisfied for a moment.
The orc priest barely misses you.
There is a stone staircase leading up here.
You block the orc priest's attack. The orc priest hits you with a +0 whip.
You climb upwards.
There is a stone staircase leading down here.
You take 1 damage, and have 23/57 hp.
You now have 4/11 mp.
You completely miss the orc priest.
The orc priest invokes the aid of Beogh against you.
Beogh smites you!
* * * LOW HITPOINT WARNING * * *
You block the orc priest's attack.
You take 13 damage, and have 10/57 hp.
MASSIVE DAMAGE!!
You now have 1/11 mp.
You whack the orc priest!
The orc priest is almost dead.
The orc priest calls down the wrath of Beogh upon you.
Beogh smites you!
* * * LOW HITPOINT WARNING * * *
The orc priest hits you but does no damage.
You take 9 damage, and have 1/57 hp.
You now have 0/11 mp.
It was a potion of flight.
You feel very buoyant.
You fly up into the air.
The orc priest mumbles some strange prayers to Beogh against you.
Beogh smites you!
You die...

#. #. ########### #.
#.........##########.
#.##...............#.
#.##.####.#.......... #.##.#
#.#.######.#. #############.##o##
##..######.## ................@.#
##........). #########.#.#.##o##
####.####.## #.#.#.....#
≈≈##.####.## ## #.#.#.##..#
##≈##.....)). .#
#.#.#.....###≈≈##.####.#.
.########.#.#.....##≈≈≈##.# #.#.
..##.≈≈≈...≈...≈..#≈≈≈≈#..####.#.
#.#..≈≈≈≈≈≈≈≈≈≈≈≈≈≈≈≈≈≈#....)..#.
#.#≈≈≈≈≈≈≈≈≈.≈≈≈≈≈≈≈≈≈≈......#.#.


You could see 2 orc priests.

Vanquished Creatures
  2 water moccasins
  A black bear (D:5)
  An orc warrior (D:7)
  An ice beast (D:6)
  2 sky beasts
  A necrophage (D:6)
  2 phantoms (D:5)
  A centaur (D:4)
  A kobold brigand (D:6)
  A bullfrog (D:6)
  9 scorpions (Ossuary)
  A water moccasin zombie (D:6)
  2 centaur zombies
  A bullfrog zombie (D:5)
  3 human zombies (Ossuary)
  3 orc priests (D:6)
  3 orc wizards
  3 scorpion zombies (Ossuary)
  3 mummies (Ossuary)
  3 gnolls (D:4)
  6 adders
  2 shadow imps (D:6)
  A white imp (D:6)
  An ufetubus (D:5)
  An adder skeleton (D:4)
  A dart slug (D:2)
  3 worms
  15 orcs
  7 ball pythons
  8 endoplasms
  4 giant cockroaches
  10 goblins
  7 hobgoblins
  6 quokkas
  9 bats
  2 frilled lizards
  3 gnoll zombies (Ossuary)
  3 goblin zombies (Ossuary)
  12 kobolds
  3 kobold zombies (Ossuary)
  4 orc zombies (Ossuary)
  9 rats
161 creatures vanquished.

Notes
Turn   | Place    | Note
-------+----------+-------------------------------------------
     0 | D:1      | tatocazan the Gargoyle Fighter began the quest for the Orb.
     0 | D:1      | Reached XP level 1. HP: 14/14 MP: 1/1
   688 | D:1      | Reached XP level 2. HP: 17/19 MP: 2/2
  1061 | D:1      | Reached XP level 3. HP: 18/23 MP: 3/3
  2204 | D:2      | Reached XP level 4. HP: 29/29 MP: 4/4
  2334 | D:3      | Found an ancient bone altar of Kikubaaqudgha.
  2483 | D:3      | Noticed a sky beast
  2498 | D:3      | Killed a sky beast
  2499 | D:3      | Reached skill level 3 in Maces & Flails
  2499 | D:3      | Reached XP level 5. HP: 34/34 MP: 5/5
  3552 | D:4      | Found a sand-covered staircase.
  3560 | Ossuary  | Entered an ossuary
  3591 | Ossuary  | Reached skill level 4 in Maces & Flails
  3591 | Ossuary  | Reached XP level 6. HP: 39/39 MP: 6/6
  3640 | Ossuary  | Reached skill level 5 in Fighting
  3650 | Ossuary  | Reached skill level 5 in Armour
  3653 | Ossuary  | Reached XP level 7. HP: 35/44 MP: 7/7
  3735 | Ossuary  | Reached skill level 5 in Maces & Flails
  3859 | Ossuary  | Reached skill level 6 in Maces & Flails
  3895 | Ossuary  | Reached XP level 8. HP: 51/51 MP: 8/8
  4070 | D:4      | Found Li Ji's Dragon-Slaying Spoils.
  4175 | D:4      | Found a large runed translucent door.
  4178 | D:4      | Found a large runed translucent door.
  4611 | D:4      | Found a radiant altar of Vehumet.
  4619 | D:4      | Found a glowing golden altar of the Shining One.
  4693 | D:5      | Entered Level 5 of the Dungeon
  4739 | D:5      | Reached skill level 7 in Maces & Flails
  5468 | D:5      | Found a staircase to the Ecumenical Temple.
  5568 | Temple   | Entered the Ecumenical Temple
  5640 | Temple   | Became a worshipper of Warmaster Okawaru
  5782 | D:6      | Found a shimmering altar of Xom.
  5782 | D:6      | Found a shimmering altar of Xom.
  5782 | D:6      | Found a shimmering altar of Xom.
  5782 | D:6      | Found a shimmering altar of Xom.
  5784 | D:6      | Found a shimmering altar of Xom.
  5893 | D:6      | Reached skill level 1 in Invocations
  5893 | D:6      | Reached XP level 9. HP: 56/56 MP: 9/9
  6049 | D:6      | Reached skill level 8 in Maces & Flails
  6267 | D:6      | Reached * piety under Okawaru
  6355 | D:6      | Found a stormy altar of Qazlal.
  6590 | D:6      | Found Xyogunk's Book Emporium.
  6703 | D:6      | Found a burning altar of Makhleb.
  6708 | D:6      | Found a glowing silver altar of Zin.
  6708 | D:6      | Noticed an Executioner
  6708 | D:6      | Noticed an angel
  6996 | D:6      | HP: 1/57 [orc priest/divine providence (10)]
  6997 | D:6      | Killed from afar by an orc priest

Illustrated notes

Levels and vault maps discovered:
D:1:      psy_arrival_heroes, layout_loops_ring, grunt_decor_arrowhead,
          kennysheep_another_room, amcnicky_mini_rare_corridor_liquid,
          hangedman_decor_growths
D:2:      layout_loops_corners, minmay_puff, uniq_crazy_yiuf_cottage
D:3:      layout_basic, mainiacjoe_overflow_cross_hatched,
          amcnicky_mini_pool_small
D:4:      layout_loops_ring, jmf_multi_god_temple2, chequers_ossuary_entry_cave,
          nicolae_shop_dragon_depot, minmay_manual_moon
D:5:      layout_basic, minmay_temple_entry_trees, interstate_on_off,
          minmay_stone_trees_medium, kennysheep_generic_room_7
D:6:      layout_basic, grunt_temple_overflow_order_and_chaos_2,
          nicolae_qazlal_eye_of_the_storm, xom_redecorated, serial_shops,
          kennysheep_mini_moat, chequers_serial_rivers_large_a
D:7:      layout_basic, hellmonk_bongcloud_opening, minmay_misc_feat_encased,
          uniq_joseph
Temple:   minmay_temple_curvy_loop

Skill      XL: |  1  2  3  4  5  6  7  8  9 |
---------------+----------------------------+-----
Shields        | 4 |  4.0
Fighting       | 4 5 6 7 |  7.4
Armour         | 4 5 6 7 |  7.3
Maces & Flails | 3 4 6 7 8 |  8.5
Invocations    | 1 2 |  2.7

Action                   |  1- 3 |  4- 6 |  7- 9 || total
-------------------------+-------+-------+-------++-------
Melee: Flail             |    52 |       |       ||    52
       Whip              |    68 |   133 |   309 ||   510
  Use: Potion            |       |       |     1 ||     1
Armor: Scale mail        |    77 |    15 |       ||    92
       Chain mail        |       |    71 |   159 ||   230
Dodge: Dodged            |    63 |    49 |   112 ||   224
Block: Buckler           |    29 |    36 |    57 ||   122

Table legend: (Time is in decaauts)
 A = Elapsed time spent in this place.
 B = Non-inter-level travel time spent in this place.
 C = Inter-level travel time spent in this place.
 D = Time resting spent in this place.
 E = Time spent auto-exploring this place.
 F = Levels seen in this place.
 G = Mean time per level.
                   A        B        C        D        E       F      G
               +--------+--------+--------+--------+--------+-----+--------+
         Total |   6952 |   6657 |    295 |    582 |   4901 |   9 |  772.4 |
       Dungeon |   6414 |   6163 |    251 |    582 |   4640 |   7 |  916.3 |
        Temple |    117 |     73 |     44 |      0 |     63 |   1 |  117.0 |
       Ossuary |    421 |    421 |      0 |      0 |    198 |   1 |  421.0 |
               +--------+--------+--------+--------+--------+-----+--------+

Top non-repeatable levels by time:
     D:1: 1585 daAuts
     D:6: 1222 daAuts
     D:4: 1044 daAuts
     D:5: 904 daAuts
     D:3: 901 daAuts
     D:2: 730 daAuts
 Ossuary: 421 daAuts
  Temple: 117 daAuts
     D:7: 25 daAuts
